AoeStats
← TodoCode

Arena

510640589Analyzed
3v3 RM · 24h ago on Oct 1, 2026· 50m 14s· 6 players
Game mode
Random Map
Map size
Normal (6 player)
Population
200
Speed
Normal
Resources
Standard
Victory
Conquest
Starting age
Dark Age
Ending age
Imperial Age
RankedLock teamsTeams togetherTeam positionsShared explorationLock speedFull tech treeHidden civsTurbo modeCheats
Victory
Defeat
🇩🇪 Khmer · Germany
1178
+18
🇦🇷 Mongols · Argentina
1170
+18
🇦🇱 Cumans · Albania
1149
+19
🇦🇷 Portuguese · Argentina
1269
-20
🇦🇷 Mongols · Argentina
1202
-18
🇦🇷 Jurchens · Argentina
1173
-17
Zandocan77
5:07 Loom
11:10 Feudal Age
14:55 Castle Age
13:09 Horse Collar
13:19 Double-Bit Axe
13:51 Gold Mining
13:55 Stone Mining
16:05 Bow Saw
17:38 Heavy Plow
19:00 Wheelbarrow
21:35 Town Watch
23:57 Fletching
24:25 Gold Mining
28:30 Imperial Age
27:14 Ballistics
26:50 Bodkin Arrow
28:02 Padded Archer Armor
28:08 Scale Barding Armor
29:12 Bracer
30:15 Chemistry
31:40 Leather Archer Armor
32:11 Masonry
32:08 Elite Mangudai
33:24 Conscription
35:39 Light Cavalry
36:30 Bloodlines
36:25 Hussar
37:05 Husbandry
39:40 Chain Barding Armor
39:31 Forging
insaneBestar
10:14 Feudal Age
11:55 Man-at-Arms
12:53 Double-Bit Axe
15:36 Horse Collar
16:19 Scale Mail Armor
17:49 Forging
26:14 Castle Age
26:12 Scale Barding Armor
26:52 Bloodlines
26:23 Light Cavalry
27:27 Chain Barding Armor
42:28 Bow Saw
44:15 Iron Casting
47:44 Imperial Age
47:56 Long Swordsman
48:36 Squires
48:22 Arson
48:19 Hussar
49:23 Two-Handed Swordsman
Iribaar
10:34 Feudal Age
13:48 Castle Age
12:29 Double-Bit Axe
12:35 Horse Collar
14:46 Bow Saw
20:11 Heavy Plow
20:09 Town Watch
20:12 Loom
21:28 Gold Mining
23:26 Wheelbarrow
24:09 Scale Barding Armor
24:30 Forging
25:53 Chain Barding Armor
26:23 Iron Casting
26:11 Bloodlines
26:52 Husbandry
29:06 Gold Shaft Mining
29:26 Stone Mining
29:27 Fletching
30:13 Bodkin Arrow
32:05 Stone Shaft Mining
36:36 Imperial Age
37:38 Conscription
38:04 Plate Barding Armor
38:30 Blast Furnace
36:52 Elite Battle Elephant
38:57 Bracer
40:27 Double Crossbow
40:49 Heavy Scorpion
42:21 Tusk Swords
43:20 Capped Ram
44:24 Siege Ram
Trintineo
8:01 Loom
9:48 Feudal Age
8:08 Loom
14:36 Castle Age
13:17 Double-Bit Axe
20:17 Gold Mining
21:13 Bow Saw
21:46 Fletching
22:42 Padded Archer Armor
22:49 Horse Collar
23:03 Stone Mining
24:31 Bodkin Arrow
25:56 Wheelbarrow
26:00 Leather Archer Armor
26:07 Ballistics
27:32 Gold Shaft Mining
27:52 Heavy Plow
28:36 Hand Cart
29:24 Stone Shaft Mining
32:59 Imperial Age
30:43 Murder Holes
34:58 Bracer
34:41 Elite Mangudai
41:10 Nomads
46:25 Chemistry
JRR
12:18 Feudal Age
12:45 Loom
15:46 Castle Age
15:03 Double-Bit Axe
15:22 Gold Mining
22:59 Fletching
24:18 Bow Saw
24:58 Horse Collar
29:51 Imperial Age
28:05 Bodkin Arrow
29:57 Padded Archer Armor
29:19 Crossbowman
30:41 Thumb Ring
31:09 Arbalester
34:21 Ballistics
34:06 Bracer
34:16 Stone Mining
35:59 Chemistry
36:07 Leather Archer Armor
40:40 Forging
40:30 Scale Mail Armor
40:04 Pikeman
41:58 Iron Casting
40:46 Man-at-Arms
41:13 Gambesons
42:34 Chain Mail Armor
42:03 Halberdier
43:45 Blast Furnace
43:58 Plate Mail Armor
TodoCode
10:43 Feudal Age
14:38 Castle Age
12:48 Double-Bit Axe
12:45 Horse Collar
15:41 Bow Saw
19:47 Loom
24:27 Gold Mining
24:29 Stone Mining
24:59 Scale Barding Armor
25:56 Chain Barding Armor
26:16 Bloodlines
26:07 Husbandry
27:29 Forging
29:06 Iron Casting
33:52 Imperial Age
31:59 Wheelbarrow
32:43 Hand Cart
32:14 Town Watch
33:37 Gold Shaft Mining
33:58 Fletching
35:15 Plate Barding Armor
34:26 Elite Steppe Lancer
34:36 Light Cavalry
37:28 Blast Furnace
37:34 Stone Shaft Mining
37:02 Bodkin Arrow
38:59 Hussar
40:23 Conscription
41:47 Padded Archer Armor
41:47 Bracer
42:54 Leather Archer Armor
43:41 Ballistics
44:22 Chemistry
43:32 Masonry
44:08 Ring Archer Armor
44:38 Elite Skirmisher
45:43 Town Watch
48:01 Scale Mail Armor
Connection lost

Rejoining the realm…

Still unreachable

The connection could not be restored.

Session expired

The server has moved on; the page needs a fresh start.